 Dungeon Crawl Stone Soup version 0.30-a0-728-gc68057be0a (webtiles) character file.

Game seed: 1948096164592217524

282 bpung the Shield-Bearer (level 6, -2/39 HPs)
             Began as a Gargoyle Fighter on Feb 1, 2023.
             Was an Initiate of Qazlal.
             Slain by an iguana (6 damage)
             ... on level 4 of the Dungeon.
             The game lasted 00:05:40 (2461 turns).

bpung the Shield-Bearer (Gargoyle Fighter)          Turns: 2461, Time: 00:05:41

Health: -2/39      AC: 14    Str: 21    XL:     6   Next: 28%
Magic:  6/6        EV:  9    Int:  9    God:    Qazlal [......]
Gold:   129        SH:  4    Dex:  9    Spells: 5/5 levels left

rFire   . . .      SeeInvis .    a - +0 flail (drain)
rCold   . . .      Faith    .    c - +0 buckler
rNeg    + + .      Spirit   .    b - +0 scale mail
rPois   ∞          Reflect  .    (no helmet)
rElec   +          Harm     .    (no cloak)
rCorr   .          Rampage  .    n - +2 pair of gloves
Will    .....                    (no boots) Stlth
                                 (no amulet)
HPRegen 0.26/turn                l - ring of positive energy
MPRegen 0.10/turn                (no ring)

@: no status effects
A: sickness immunity, AC +4, negative energy resistance 1, electricity
resistance, torment resistance 1, petrification resistance
a: Renounce Religion


You were on level 4 of the Dungeon.
You worshipped Qazlal.
Qazlal was noncommittal.
You visited 2 branches of the dungeon, and saw 5 of its levels.

You collected 129 gold pieces.

Inventory:

Hand Weapons
 a - a +0 flail of draining (weapon)
Missiles
 k - 8 poisoned darts (quivered)
Armour
 b - a +0 scale mail (worn)
 c - a +0 buckler (worn)
 n - a +2 pair of gloves (worn)
Jewellery
 l - a ring of positive energy (left hand)
Wands
 f - a wand of digging (5)
Scrolls
 h - a scroll of teleportation
Potions
 d - a potion of might
 e - a potion of haste


   Skills:
 + Level 4.6 Fighting
 + Level 3.5 Maces & Flails
 + Level 4.6 Armour
 + Level 4.7 Shields


You had 5 spell levels left.
You didn't know any spells.
Your spell library contained the following spells:

 Spells                   Type           Power      Damage    Failure   Level
 Chain Lightning          Conj/Air       0%         N/A       100%        9
 Fire Storm               Conj/Fire      0%         5d1       100%        9
 Shatter                  Erth           0%         3d5*      100%        9


Dungeon Overview and Level Annotations

Branches:
Dungeon (4/15)             Temple (1/1) D:4

Altars:
Ashenzari
Cheibriados
Dithmenos
Elyvilon
Fedhas
Hepliaklqana
Kikubaaqudgha
Okawaru
Qazlal
Ru
Sif Muna
Trog
Uskayaw
Vehumet
Xom
Yredelemnul
Zin

Shops:
D:2 :


Innate Abilities, Weirdness & Mutations

You are immune to sickness and miasma.
Your stone body is resilient. (AC +4)
You are immune to poison.
You resist negative energy. (rN+)
You are resistant to electric shocks. (rElec)
You are resistant to unholy torment.
You are immune to petrification.


Message History

The kobold hits you but does no damage.
The endoplasm hits you but does no damage.
Things that are here:
a +0 club; a +0 leather armour The kobold barely misses you.
You see here an adder corpse.
The kobold attacks as you move away! The kobold closely misses you.
The iguana attacks as you move away!
The iguana bites you but does no damage.
The goblin throws a stone.
The stone hits you but does no damage. The kobold attacks as you move away!
The kobold hits you but does no damage. The endoplasm attacks as you move away!
The endoplasm barely misses you. The iguana attacks as you move away!
The iguana bites you.
The iguana hisses menacingly.
You sock the kobold!
You kill the kobold!
Qazlal accepts your kill.
You thump the endoplasm!
You kill the endoplasm!
Qazlal accepts your kill.
You barely miss the iguana. The iguana closely misses you.
The iguana bites you but does no damage.
You closely miss the iguana.
The iguana bites you but does no damage.
You barely miss the iguana. The iguana bites you.
* * * LOW HITPOINT WARNING * * *
You hit the iguana but do no damage. The iguana bites you!
* * * LOW HITPOINT WARNING * * *
You hit the iguana.
The iguana is lightly wounded.
The iguana bites you but does no damage.
The iguana closely misses you.
You hit the iguana but do no damage.
The iguana is lightly wounded.
The iguana bites you.
* * * LOW HITPOINT WARNING * * *
You barely miss the iguana.
The iguana is lightly wounded.
The iguana bites you.
You die...

#.. #.# ##.#.# #.#
#..#.# ## ##.#####.# .#
###..#........# .#
..............# .#
#.#.........# .#
#..........g##.#.######
###.>...)†.rl@.#.#<...#
#........g####.#.#..#
#.........####.#....#
#..............#.####
#..............#....#
#..............#.##.#
#.........)....####.#
#######.....†.=.....#
#......)#####.#


You could see an iguana, a quokka, a hobgoblin and a goblin.

Vanquished Creatures
  An orc priest (Temple)
  A hound (D:4)
  Natasha (thrice) (D:2)
  An orc wizard (D:3)
  2 adders
  3 worms
  3 dart slugs
  7 orcs
  12 ball pythons
  5 bats
  9 endoplasms
  A giant cockroach (D:2)
  6 goblins
  5 hobgoblins (D:1)
  4 jackals
  3 kobolds
  5 quokkas
  2 frilled lizards
  8 rats
81 creatures vanquished.

Notes
Turn   | Place    | Note
-------+----------+-------------------------------------------
     0 | D:1      | bpung the Gargoyle Fighter began the quest for the Orb.
     0 | D:1      | Reached XP level 1. HP: 14/14 MP: 1/1
    48 | D:1      | Reached XP level 2. HP: 18/19 MP: 2/2
   273 | D:1      | Reached XP level 3. HP: 18/23 MP: 3/3
   697 | D:2      | Found a faded altar of an unknown god.
   706 | D:2      | Noticed Natasha
   716 | D:2      | Killed Natasha
   717 | D:2      | Reached XP level 4. HP: 20/29 MP: 4/4
   725 | D:2      | Noticed Natasha
   732 | D:2      | Killed Natasha
   770 | D:2      | Noticed Natasha
   784 | D:2      | Killed Natasha
   785 | D:2      | Reached XP level 5. HP: 10/33 MP: 5/5
   956 | D:2      | Found Suttajig's Vocational Training.
  2235 | D:4      | Found a staircase to the Ecumenical Temple.
  2253 | Temple   | Entered the Ecumenical Temple
  2270 | Temple   | Became a worshipper of Qazlal Stormbringer
  2287 | Temple   | Reached XP level 6. HP: 19/39 MP: 6/6
  2461 | D:4      | Slain by an iguana

Illustrated notes

Levels and vault maps discovered:
D:1:      giann_bridges, layout_basic
D:2:      layout_rooms, chequers_ecumenical_altar_simple_redux,
          nicolae_hexahallways, nicolae_shop_vocational, uniq_natasha
D:3:      layout_basic, hangedman_decor_push
D:4:      layout_basic, minmay_temple_entry_statues_fountains,
          minmay_misc_feat_four_crosses, minmay_close_crescents
Temple:   sentei_temple_godly_chess

Skill      XL: |  1  2  3  4 |
---------------+-------------+-----
Armour         | 4 |  4.6
Shields        | 4 |  4.7
Fighting       | 4 |  4.6
Maces & Flails | 3 |  3.5

Action                     |  1- 3 |  4- 6 || total
---------------------------+-------+-------++-------
  Melee: Flail             |    95 |   183 ||   278
    Use: Scroll            |     2 |     6 ||     8
         Potion            |       |     4 ||     4
 Armour: Scale mail        |    65 |   138 ||   203
  Dodge: Dodged            |    57 |   112 ||   169
  Block: Buckler           |    24 |    48 ||    72

Table legend: (Time is in decaauts)
 A = Elapsed time spent in this place.
 B = Non-inter-level travel time spent in this place.
 C = Inter-level travel time spent in this place.
 D = Time resting spent in this place.
 E = Time spent auto-exploring this place.
 F = Levels seen in this place.
 G = Mean time per level.
                   A        B        C        D        E       F      G
               +--------+--------+--------+--------+--------+-----+--------+
         Total |   2558 |   2520 |     38 |     73 |   1628 |   5 |  511.6 |
       Dungeon |   2452 |   2414 |     38 |      0 |   1628 |   4 |  613.0 |
        Temple |    106 |    106 |      0 |     73 |      0 |   1 |  106.0 |
               +--------+--------+--------+--------+--------+-----+--------+

Top non-repeatable levels by time:
     D:2: 869 daAuts
     D:3: 745 daAuts
     D:1: 688 daAuts
     D:4: 148 daAuts
  Temple: 106 daAuts
